 Dungeon Crawl Stone Soup version 0.31-a0-175-g9f7f995f2b (webtiles) character file.

Game seed: 2007458048977620675

11 Pooter the Covered (level 2, 0/23 HPs)
             Began as a Gnoll Wanderer on June 18, 2023.
             Slain by a goblin
             ... wielding a +0 dagger of electrocution
              (12 damage)
             ... on level 1 of the Dungeon.
             The game lasted 00:01:05 (101 turns).

Pooter the Covered (Gnoll Wanderer)                  Turns: 101, Time: 00:01:06

Health: 0/23       AC:  7    Str: 15    XL:     2   Next: 29%
Magic:  2/2        EV:  9    Int:  7    God:
Gold:   3          SH:  0    Dex: 11    Spells: 1/1 levels left

rFire   . . .        a - +0 long sword
rCold   . . .        (no shield)
rNeg    . . .        c - +0 scale mail
rPois   .            (no helmet)
rElec   .            (no cloak)
rCorr   .            (no gloves)
SInv    .            (no boots)
Will    .....        (no amulet) Stlth
                     (no ring)
HPRegen 0.23/turn    (no ring)
MPRegen 0.08/turn

%: no passive effects
@: no status effects
A: fangs 1, strong nose, distributed training
a: no special abilities


You were on level 1 of the Dungeon.
You visited 1 branch of the dungeon, and saw 1 of its levels.

You collected 3 gold pieces.

Inventory:

Hand Weapons
 a - a +0 long sword (weapon)
 b - a +0 mace
Armour
 c - a +0 scale mail (worn)
Scrolls
 e - a scroll of identify {unknown}
Potions
 d - a potion of berserk rage


   Skills:
 + Level 2.5 Fighting
 + Level 0.4 Short Blades
 + Level 4.5 Long Blades
 + Level 0.4 Axes
 + Level 6.5 Maces & Flails
 + Level 0.4 Polearms
 + Level 0.4 Staves
 + Level 0.4 Ranged Weapons
 + Level 2.5 Throwing
 + Level 6.5 Armour
 + Level 0.4 Dodging
 + Level 0.4 Stealth
 + Level 0.4 Shields
 + Level 0.4 Unarmed Combat
 + Level 0.4 Spellcasting
 + Level 0.2 Conjurations
 + Level 0.2 Hexes
 + Level 0.2 Summonings
 + Level 0.2 Necromancy
 + Level 0.2 Translocations
 + Level 0.2 Transmutations
 + Level 0.2 Fire Magic
 + Level 0.2 Ice Magic
 + Level 0.2 Air Magic
 + Level 0.2 Earth Magic
 + Level 0.2 Poison Magic
 + Level 0.5 Invocations
 + Level 0.4 Evocations


You had one spell level left.
You didn't know any spells.
Your spell library was empty.

Dungeon Overview and Level Annotations

Branches:
Dungeon (1/15)

Altars:


Innate Abilities, Weirdness & Mutations

You have very sharp teeth.
Your uncanny sense of smell can sniff out nearby items.
Your experience applies equally to all skills.


Message History

You hit the hobgoblin.
The hobgoblin hits you but does no damage.
You slash the hobgoblin!
You kill the hobgoblin!
The bat barely misses you.
You have reached level 2!
The bat closely misses you. The bat misses you.
You see here a hobgoblin corpse.
You barely miss the bat. The bat barely misses you.
Found a stone staircase leading down.
The bat barely misses you. The bat hits you but does no damage.
You barely miss the bat. The bat hits you but does no damage.
The bat barely misses you.
You slash the bat!
You kill the bat!
No target in view!
Found 9 gold pieces.
A dart slug comes into view.
Found a pair of runed gloves.
The dart slug launches a dart at you. The slug dart hits you.
A kobold comes into view. It is wielding a +0 club.
The kobold shouts!
You hear a shout!
Found 8 gold pieces.
A goblin comes into view.
It is wielding a +0 dagger of electrocution.
The goblin shouts!
You hear a bark!
You slash the dart slug! The dart slug launches a dart at you.
The slug dart misses you. The kobold hits you but does no damage.
You hit the dart slug but do no damage.
A jackal comes into view.
The kobold barely misses you. The dart slug bites you.
The jackal moves out of view.
You barely miss the dart slug.
You punch the dart slug, but do no damage.
The kobold hits you but does no damage. The dart slug launches a dart at you.
The slug dart hits you but does no damage.
You hit the dart slug but do no damage. The kobold misses you.
The goblin hits you with a +0 dagger of electrocution.
You barely miss the dart slug. The kobold hits you but does no damage.
The goblin closely misses you. The dart slug misses you.
You slash the dart slug!
You kill the dart slug!
The kobold closely misses you. The goblin closely misses you.
You hit the kobold. The kobold barely misses you.
The goblin hits you with a +0 dagger of electrocution.
You are electrocuted!
Ouch! That really hurt!
You die...

########.#
#.#.# #.# #.#.#
#.# ##.## #
##...###...
#..........
##....###...
#....## #
#.$#.@g# ∆
....###†K.....#
.... ...####.#
##. ...[# #
...#.# #... .#
..$. .. .#...
..


You could see a goblin and a kobold.

Vanquished Creatures
  A dart slug (D:1)
  A ball python (D:1)
  A bat (D:1)
  An endoplasm (D:1)
  A giant cockroach (D:1)
  2 hobgoblins (D:1)
  A frilled lizard (D:1)
8 creatures vanquished.

Notes
Turn   | Place    | Note
-------+----------+-------------------------------------------
     0 | D:1      | Pooter the Gnoll Wanderer began the quest for the Orb.
     0 | D:1      | Pooter set off with the following items: a +0 long sword, a
                  | +0 mace, a +0 scale mail, a potion of berserk rage.
     0 | D:1      | Reached XP level 1. HP: 17/17 MP: 1/1
    50 | D:1      | Reached XP level 2. HP: 15/23 MP: 2/2
   101 | D:1      | Slain by a goblin

Illustrated notes

Levels and vault maps discovered:
D:1:      dpeg_arrival_tiny_k, layout_loops_ring, nicolae_the_louvre

Action                     || total
---------------------------++-------
  Melee: Long sword        ||    28
         Bite              ||     2
         Punch             ||     1
 Armour: Scale mail        ||    12
  Dodge: Dodged            ||    22

Table legend: (Time is in decaauts)
 A = Elapsed time spent in this place.
 B = Non-inter-level travel time spent in this place.
 C = Inter-level travel time spent in this place.
 D = Time resting spent in this place.
 E = Time spent auto-exploring this place.
 F = Levels seen in this place.
 G = Mean time per level.
                   A        B        C        D        E       F      G
               +--------+--------+--------+--------+--------+-----+--------+
         Total |    105 |    105 |      0 |      0 |     53 |   1 |  105.0 |
       Dungeon |    105 |    105 |      0 |      0 |     53 |   1 |  105.0 |
               +--------+--------+--------+--------+--------+-----+--------+

Top non-repeatable levels by time:
     D:1: 105 daAuts
